 Dungeon Crawl Stone Soup version 0.20.1-1-g8b1a95d (webtiles) character file.

190192 Thyosulf the Hoplite (level 17, -9/158 HPs)
             Began as a Minotaur Fighter on Nov 13, 2017.
             Was the Champion of Qazlal.
             Mangled by an earth elemental (15 damage)
             ... summoned by a deep elf elementalist
             ... on level 3 of the Elven Halls on Nov 24, 2017.
             The game lasted 04:17:40 (27980 turns).

Thyosulf the Hoplite (Minotaur Fighter)            Turns: 27980, Time: 04:17:41

Health: -9/158     AC: 27    Str: 37    XL:     17   Next: 97%
Magic:  14/17      EV:  8    Int:  5    God:    Qazlal [******]
Gold:   462        SH: 38    Dex: 18    Spells: 16/16 levels left

rFire    . . .     SeeInvis .   V - +3 demon trident (elec)
rCold    + . .     Gourm    .   b - +3 large shield {AC+3}
rNeg     . . .     Faith    .   P - +0 plate armour "Gaareit" {Str+4}
rPois    .         Spirit   .   W - +0 hat {MR+}
rElec    +         Reflect  .   R - +0 cloak {MR+}
rCorr    +         Harm     .   (no gloves)
MR       +++..                  Q - +2 pair of boots
Stlth    ..........             g - amulet of regeneration
Regen    0.8/turn               T - ring "Lezi" {rElec rC+ Str+6 Dex+4}
MPRegen  0.2/turn               t - ring of resist corrosion

@: mighty, protected from physical damage, drained, repel missiles
A: retaliatory headbutt, horns 2, weak 1
a: Upheaval, Elemental Force, Disaster Area, Renounce Religion


You were on level 3 of the Elven Halls.
You worshipped Qazlal.
Qazlal was exalted by your worship.
You were not hungry.

You visited 7 branches of the dungeon, and saw 30 of its levels.
You visited 1 bazaar.
You also visited: Ice Cave.

You collected 2444 gold pieces.
You spent 1982 gold pieces at shops.

Inventory:

Hand Weapons
 y - a +2 war axe of flaming
 D - a +0 scythe of freezing
 G - the +2 battleaxe of Latenis {antimagic, Int+5}
   (You found it on level 2 of the Elven Halls)

   It reduces the magical energy of the wielder, and disrupts the spells and
   magical abilities of those hit.
   Natural abilities and divine invocations are not affected.
   It affects your intelligence (+5).
 V - a +3 demon trident of electrocution (weapon)
Missiles
 j - 849 stones
 H - 10 tomahawks of returning (quivered)
 U - 30 tomahawks
Armour
 b - a +3 large shield of protection (worn)
 P - the +0 plate armour "Gaareit" (worn) {Str+4}
   (You found it on level 6 of the Lair of Beasts)

   It affects your strength (+4).
 Q - a +2 pair of boots (worn)
 R - a +0 cloak of magic resistance (worn)
 W - a +0 hat of magic resistance (worn)
Jewellery
 g - an amulet of regeneration (around neck)
 q - an uncursed amulet of faith
 t - a ring of resist corrosion (right hand)
 I - an uncursed ring of fire
 J - an uncursed ring of protection from magic
 T - the ring "Lezi" (left hand) {rElec rC+ Str+6 Dex+4}
   (You took it off a centaur warrior on level 13 of the Dungeon)

   [ring of protection from cold]

   It affects your strength (+6).
   It affects your dexterity (+4).
   It protects you from cold.
   It insulates you from electricity.
 Z - an uncursed ring of ice
Wands
 a - a wand of polymorph (7/24)
 c - a wand of paralysis (13/24)
 x - a wand of enslavement (4/24)
 B - a wand of scattershot (1/9)
 M - a wand of polymorph (15/24)
 X - a wand of disintegration (7/24)
Scrolls
 h - 2 scrolls of magic mapping
 m - 14 scrolls of remove curse
 p - 8 scrolls of teleportation
 v - 4 scrolls of identify
 z - 2 scrolls of amnesia
 K - 2 scrolls of fear
 L - a scroll of recharging
 N - 3 scrolls of enchant weapon
Potions
 d - 4 potions of might
 e - 17 potions of curing
 i - 2 potions of ambrosia
 l - 4 potions of resistance
 n - 3 potions of heal wounds
 o - 2 potions of magic
 r - 8 potions of flight
 u - a potion of berserk rage
 E - 2 potions of cancellation
 F - 2 potions of haste
 O - 8 potions of agility
Miscellaneous
 A - a lightning rod (1/4)
Comestibles
 f - 13 bread rations
 k - 25 royal jellies
 s - 13 meat rations
 w - 36 fruits


   Skills:
 + Level 16.1(15.1) Fighting
 + Level 6.4(12.9) Axes
 + Level 18.6(17.9) Polearms
   Level 1.3(1.9) Slings
 + Level 3.2(2.6) Throwing
 + Level 14.1(13.1) Armour
 - Level 1.0(0.4) Dodging
 + Level 23.1(22.0) Shields
 + Level 0.2(0.0) Unarmed Combat
 + Level 2.6(1.9) Invocations
 + Level 1.0(0.3) Evocations


You had 16 spell levels left.
You didn't know any spells.

Dungeon Overview and Level Annotations

Branches:
Dungeon (15/15) Temple (1/1) D:5 Lair (6/6) D:10 Swamp (0/4) Lair:2 Snake (0/4) Lair:2 Slime (1/5) Lair:5 Orc (2/2) D:9 Elf (3/3) Orc:2 Vaults (0/5) D:12 D:13 Depths (2/5) D:15

Altars:
Ashenzari
Cheibriados
Dithmenos
Elyvilon
Fedhas
Gozag
Hepliaklqana
Kikubaaqudgha
Makhleb
Nemelex Xobeh
Okawaru
Qazlal
Ru
Sif Muna
Trog
Uskayaw
Vehumet
Xom
Yredelemnul
Zin
The Shining One
Jiyva

Shops:
D:5 (   D:6 !   D:7 (   D:8 (   D:12 }   Orc:2 (([[   Elf:1 *   Elf:2 !
Depths:1 [*

Portals:
Hell: Depths:1
Abyss: Depths:1

Annotations:
D:8 1 runed door


Innate Abilities, Weirdness & Mutations

You reflexively headbutt those who attack you in melee.
You have a pair of horns on your head.
You are weak. (Str -2)


Message History

A deep elf high priest comes into view. It is wielding a scimitar of slicing.
You fail to use your ability.
The deep elf death mage seems less brilliant.
The deep elf blademaster is engulfed in freezing vapours.
You block the deep elf blademaster's attack. x2
The deep elf blademaster hits you but does no damage.
You block the deep elf blademaster's attack.
The deep elf annihilator is empowered by the deep elf high priest's aura!
The deep elf death mage is empowered by the deep elf high priest's aura!
The deep elf high priest invokes the aid of its god against you.
Something smites you!
* * * LOW HITPOINT WARNING * * *
The deep elf blademaster is engulfed in freezing vapours.
The deep elf blademaster hits you with a rapier.
* * * LOW HITPOINT WARNING * * *
The deep elf blademaster hits you with a rapier!
* * * LOW HITPOINT WARNING * * *
You feel more protected from physical attacks.
The earth elemental hits you!
You die...

#.# ##.##.#
#.# ##..##.#
#.###...##.#
#.#..###...##
#..### ###..#
#.## ##.#
#E#### #.#


#xEeE#E# #.# #ยง@eeE.# #.# #E.EeE## #.# #####e# ### ee. $... # .#... .... .###
You could see 2 deep elf blademasters, a deep elf annihilator, a deep elf death
mage, 2 deep elf high priests, 8 earth elementals and a crawling corpse.

Vanquished Creatures
  Rupert (Lair:6)
  2 deep elf blademasters
  Gastronok (Lair:2)
  A deep elf sorcerer (Elf:2)
  Louise (D:15)
  The ghost of Lovchig the Severer, a journeyman DDFi of the Shining One (Depths:1)
  A reaper (IceCv)
  A stone giant (D:13)
  3 very ugly things (Depths:1)
  2 entropy weavers (Lair:5)
  Nessos (D:13)
  2 deep elf annihilators (Elf:3)
  Snorg (D:10)
  3 ettins
  A great orb of eyes (D:13)
  2 fire dragons
  An ice dragon (Depths:1)
  10 hydras
  32 two-headed ogres
  The ghost of Lazav66 the Cleaver, a novice MiBe of Trog (D:12)
  22 dancing weapons
  3 catoblepae (Lair:6)
  4 centaur warriors
  A deep troll earth mage (Depths:1)
  A queen ant (Lair:5)
  6 death yaks (Lair:6)
  5 ogre magi
  2 orc high priests
  A spriggan berserker (Depths:1)
  Sonja (Lair:4)
  Nergalle (Lair:1)
  18 deep elf knights
  A fire crab (D:15)
  The ghost of Linguinho the Ruffian, a novice TrMo (D:6)
  2 wizards
  Pikel (D:5)
  An orange crystal statue (Elf:2)
  8 deep elf archers
  An orc knight (D:12)
  A manticore (shapeshifter) (Elf:1)
  A wolf spider zombie (D:15)
  21 ugly things
  2 orc sorcerers
  49 deep elf magi
  An oklob plant (D:11)
  6 elephants (Lair:2)
  A salamander (shapeshifter) (D:15)
  2 centaur zombies (D:13)
  7 cyclopes
  4 manticores
  Maurice (D:11)
  2 ice statues (IceCv)
  4 black mambas
  A gargoyle (D:13)
  6 spiny frogs
  6 yaktaurs
  2 kobold demonologists (D:12)
  A freezing wraith (D:15)
  6 ice devils (IceCv)
  A komodo dragon (shapeshifter) (Depths:1)
  11 rime drakes
  7 komodo dragons
  2 tengu conjurers (D:15)
  A polar bear (Lair:6)
  9 trolls
  A queen bee (Lair:3)
  2 hornets
  15 blink frogs
  5 dream sheep (Lair:6)
  10 hippogriffs
  A hippogriff (shapeshifter) (Elf:1)
  17 slime creatures
  Sigmund (D:5)
  8 redbacks (Depths:1)
  5 air elementals
  A centaur simulacrum (D:14)
  3 wyverns
  A wraith (D:12)
  A shadow (D:12)
  17 humans
  52 yaks
  15 water elementals
  2 fire elementals (Elf:3)
  3 hogs (D:7)
  11 steam dragons
  A vampire (D:9)
  5 hungry ghosts
  5 basilisks
  7 vampire mosquitoes
  4 nagas
  2 wargs (Orc:2)
  2 acid dragons
  24 soldier ants
  2 hell hounds (D:10)
  8 porcupines
  8 water moccasins
  Duvessa (D:5)
  4 black bears
  A sky beast (D:9)
  5 ice beasts
  A necrophage (D:7)
  An eye of draining (shapeshifter) (Elf:2)
  A slave (D:5)
  18 orc warriors
  2 eyes of draining
  2 phantoms
  A boggart (D:13)
  23 ogres
  6 wolves (Lair:2)
  16 centaurs
  5 crocodiles
  5 big kobolds
  14 bullfrogs
  3 earth elementals
  Dowan (D:5)
  3 scorpions
  A water moccasin skeleton (D:12)
  2 wyvern skeletons (D:6)
  9 wights
  15 killer bees (Lair:3)
  2 electric eels (Lair:1)
  12 howler monkeys
  7 crimson imps
  7 hounds
  2 bullfrog zombies
  5 centaur skeletons
  16 orc priests
  Crazy Yiuf (D:7)
  A bullfrog skeleton (D:7)
  2 jellies
  6 iguanas
  22 orc wizards
  28 worker ants
  A worker ant (shapeshifter) (Depths:1)
  5 hell rats (Lair:4)
  2 hound zombies
  A worker ant zombie (D:11)
  8 gnolls
  22 adders
  A shadow imp (D:13)
  5 white imps (IceCv)
  6 ufetubi (IceCv)
  3 oozes
  3 adder zombies
  An adder skeleton (D:7)
  2 worms (D:3)
  3 dart slugs
  5 leopard geckos
  81 orcs
  5 bats
  5 giant cockroaches
  9 hobgoblins
  3 jackals (D:5)
  25 kobolds
  3 quokkas
  4 frilled lizards
  10 goblins
  A jackal skeleton (D:4)
  3 leopard gecko skeletons
  A leopard gecko zombie (D:6)
  A quokka skeleton (D:6)
  3 rats
  A crawling corpse (Elf:3)
  2 fungi
  4 plants
1022 creatures vanquished.

Vanquished Creatures (others)
  A dancing weapon (Elf:2)
  An earth elemental (Elf:2)
  8 white imps (IceCv)
  4 ufetubi (IceCv)
  A kobold (D:13)
  A quokka (D:7)
  9 fungi
  13 plants
38 creatures vanquished.

Grand Total: 1060 creatures vanquished

Notes
Turn   | Place    | Note
-------+----------+-------------------------------------------
     0 | D:1      | Thyosulf the Minotaur Fighter began the quest for the Orb.
     0 | D:1      | Reached XP level 1. HP: 19/19 MP: 0/0
   245 | D:1      | Reached XP level 2. HP: 14/27 MP: 1/1
   469 | D:1      | Reached skill level 4 in Shields
   961 | D:2      | Found a shattered altar of Ashenzari.
   981 | D:2      | Reached XP level 3. HP: 33/33 MP: 2/2
  1744 | D:3      | Reached XP level 4. HP: 35/40 MP: 3/3
  2413 | D:3      | Reached XP level 5. HP: 45/46 MP: 4/4
  2459 | D:3      | Reached skill level 1 in Dodging
  2464 | D:3      | Reached skill level 5 in Axes
  2786 | D:5      | Entered Level 5 of the Dungeon
  2800 | D:4      | Noticed an ogre
  2808 | D:4      | Killed an ogre
  2808 | D:4      | Reached skill level 5 in Shields
  2808 | D:4      | Reached XP level 6. HP: 52/52 MP: 5/5
  2874 | D:4      | Reached skill level 1 in Slings
  3214 | D:5      | Reached skill level 5 in Armour
  3520 | D:5      | Noticed an ice beast
  3539 | D:5      | Killed an ice beast
  3539 | D:5      | Reached skill level 1 in Polearms
  3539 | D:5      | Reached XP level 7. HP: 59/60 MP: 6/6
  3588 | D:5      | Found a staircase to the Ecumenical Temple.
  3593 | Temple   | Entered the Ecumenical Temple
  3906 | Temple   | Became a worshipper of Qazlal Stormbringer
  4017 | D:5      | Found an ancient bone altar of Kikubaaqudgha.
  4038 | D:6      | Found Zumem's Distillery.
  4040 | D:6      | Bought a potion of berserk rage for 75 gold pieces
  4040 | D:6      | Bought a potion of flight for 45 gold pieces
  4054 | D:5      | Found Muzytzat's Weapon Shop.
  4074 | D:5      | Found an iron altar of Okawaru.
  4132 | D:5      | Noticed Dowan
  4133 | D:5      | Noticed Duvessa
  4152 | D:5      | Killed Duvessa
  4159 | D:5      | Killed Dowan
  4163 | D:5      | Reached skill level 6 in Shields
  4219 | D:5      | Noticed Pikel
  4249 | D:5      | Killed Pikel
  4249 | D:5      | Reached skill level 5 in Fighting
  4249 | D:5      | Reached skill level 5 in Polearms
  4249 | D:5      | Reached XP level 8. HP: 35/68 MP: 7/7
  4519 | D:5      | Noticed Sigmund
  4536 | D:5      | Killed Sigmund
  4536 | D:5      | Reached skill level 7 in Shields
  4558 | D:5      | Found a bloodstained altar of Trog.
  4562 | D:5      | Found a hazy altar of Hepliaklqana.
  4564 | D:5      | Found a burning altar of Makhleb.
  5139 | D:6      | Reached * piety under Qazlal
  5296 | D:6      | Reached XP level 9. HP: 74/74 MP: 8/8
  5593 | D:6      | Noticed Linguinho's ghost (novice TrMo)
  5596 | D:6      | Reached skill level 8 in Shields
  5620 | D:6      | Killed Linguinho's ghost
  6129 | D:7      | Found a white marble altar of Elyvilon.
  6315 | D:7      | Found Ziuxka's Weapon Emporium.
  6372 | D:7      | Reached skill level 9 in Shields
  6382 | D:7      | Reached skill level 1 in Throwing
  6403 | D:7      | Reached ** piety under Qazlal
  6488 | D:7      | Reached XP level 10. HP: 75/84 MP: 9/9
  6510 | D:7      | Reached skill level 10 in Shields
  6744 | D:7      | Found a runed door.
  6748 | D:7      | Noticed Crazy Yiuf
  6753 | D:7      | Killed Crazy Yiuf
  6944 | D:8      | Reached skill level 10 in Polearms
  7061 | D:8      | Found a hide-covered altar of Uskayaw.
  7066 | D:8      | Noticed a hand axe
  7066 | D:8      | Noticed a dagger
  7084 | D:8      | Reached *** piety under Qazlal
  7344 | D:8      | Reached skill level 11 in Shields
  7389 | D:8      | Found Xuxatzal's Weapon Boutique.
  7566 | D:8      | Found a runed door.
  7568 | D:8      | Found a glowing silver altar of Zin.
  7568 | D:8      | Noticed an angel
  7975 | D:9      | Reached XP level 11. HP: 87/92 MP: 10/10
  7992 | D:10     | Entered Level 10 of the Dungeon
  8010 | D:9      | Reached **** piety under Qazlal
  8014 | D:9      | Found a staircase to the Orcish Mines.
  8104 | D:9      | Noticed a two-headed ogre
  8117 | D:9      | Killed a two-headed ogre
  8117 | D:9      | Reached skill level 12 in Shields
  8154 | D:9      | Noticed a two-headed ogre
  8165 | D:9      | Killed a two-headed ogre
  8334 | D:10     | Noticed a two-headed ogre
  8335 | D:10     | Found a staircase to the Lair.
  8432 | D:10     | Noticed a two-headed ogre
  8444 | D:10     | Killed a two-headed ogre
  8616 | D:10     | Killed a two-headed ogre
  8616 | D:10     | Reached skill level 13 in Shields
  8889 | D:10     | Found a stormy altar of Qazlal.
  8993 | D:11     | Noticed Snorg
  8993 | D:11     | Noticed a two-headed ogre
  9032 | D:10     | Killed Snorg
  9405 | D:11     | Noticed Maurice
  9440 | D:11     | Killed a two-headed ogre
  9477 | D:11     | Killed Maurice
  9544 | Orc:1    | Entered Level 1 of the Orcish Mines
  9626 | Orc:1    | Reached skill level 14 in Shields
  9643 | Orc:1    | Noticed an orc sorcerer
  9648 | Orc:1    | Killed an orc sorcerer
  9723 | Orc:1    | Noticed an orc high priest
  9739 | Orc:1    | Killed an orc high priest
  9739 | Orc:1    | Reached XP level 12. HP: 91/102 MP: 11/11
  9752 | Orc:2    | Entered Level 2 of the Orcish Mines
 10049 | Orc:2    | Noticed a two-headed ogre
 10049 | Orc:2    | Noticed a two-headed ogre
 10063 | Orc:1    | Killed a two-headed ogre
 10067 | Orc:1    | Killed a two-headed ogre
 10350 | Orc:2    | Noticed a two-headed ogre
 10350 | Orc:2    | Noticed a two-headed ogre
 10350 | Orc:2    | Noticed a two-headed ogre
 10350 | Orc:2    | Noticed a two-headed ogre
 10352 | Orc:2    | Noticed a two-headed ogre
 10362 | Orc:1    | Killed a two-headed ogre
 10362 | Orc:1    | Reached skill level 1 in Invocations
 10503 | Orc:2    | Noticed a two-headed ogre
 10512 | Orc:1    | Killed a two-headed ogre
 10529 | Orc:2    | Noticed an ogre mage
 10531 | Orc:2    | Noticed a two-headed ogre
 10532 | Orc:2    | Noticed an ogre mage
 10539 | Orc:1    | Killed a two-headed ogre
 10546 | Orc:1    | Killed a two-headed ogre
 10546 | Orc:1    | Reached skill level 15 in Shields
 10552 | Orc:1    | Killed a two-headed ogre
 10558 | Orc:1    | Killed a two-headed ogre
 10654 | Orc:2    | Noticed an ogre mage
 11039 | Orc:2    | Reached ***** piety under Qazlal
 11205 | Orc:2    | Noticed a two-headed ogre
 11229 | Orc:2    | Killed a two-headed ogre
 11244 | Orc:2    | Killed an ogre mage
 11254 | Orc:2    | Found a staircase to the Elven Halls.
 11853 | Orc:2    | Killed a two-headed ogre
 11872 | Orc:2    | Noticed a two-headed ogre
 11881 | Orc:2    | Killed a two-headed ogre
 11881 | Orc:2    | Reached skill level 10 in Armour
 11881 | Orc:2    | Reached skill level 16 in Shields
 11905 | Orc:2    | Killed an ogre mage
 11928 | Elf:1    | Entered Level 1 of the Elven Halls
 11967 | Orc:2    | Noticed an ogre mage
 11969 | Orc:2    | Reached XP level 13. HP: 111/111 MP: 12/12
 12258 | Orc:2    | Found Xeycuq's Weapon Emporium.
 12258 | Orc:2    | Found Laiq Wedd's Antique Weapon Shop.
 12259 | Orc:2    | Found Duxene Nimu's Antique Armour Shop.
 12259 | Orc:2    | Found Zuad's Armour Shoppe.
 12270 | Orc:2    | Bought a runed plate armour for 884 gold pieces
 12731 | Elf:1    | Reached skill level 10 in Fighting
 13148 | Orc:2    | Bought a +1 large shield of protection for 181 gold pieces
 13369 | Lair:1   | Entered Level 1 of the Lair of Beasts
 13663 | Lair:1   | Found a frozen archway.
 13670 | IceCv    | Entered an ice cave
 14149 | IceCv    | Noticed a reaper
 14158 | IceCv    | Killed a reaper
 14158 | IceCv    | Reached skill level 17 in Shields
 14294 | Lair:1   | Noticed Nergalle
 14302 | Lair:1   | Killed Nergalle
 14746 | Lair:3   | Noticed Gastronok
 14754 | Lair:2   | Killed Gastronok
 14907 | Lair:2   | Found a staircase to the Snake Pit.
 15357 | Lair:2   | Found a staircase to the Swamp.
 15768 | Lair:3   | Reached XP level 14. HP: 83/124 MP: 14/14
 15779 | Lair:2   | Reached skill level 1 in Evocations
 16107 | Lair:4   | Noticed Sonja
 16200 | Lair:3   | Reached skill level 18 in Shields
 16450 | Lair:3   | Reached skill level 15 in Polearms
 17175 | Lair:4   | Killed Sonja
 17282 | Lair:4   | Reached ****** piety under Qazlal
 18043 | Lair:5   | Noticed an entropy weaver
 18060 | Lair:5   | Killed an entropy weaver
 18077 | Lair:5   | Reached skill level 19 in Shields
 18104 | Lair:5   | Noticed an entropy weaver
 18105 | Lair:6   | Entered Level 6 of the Lair of Beasts
 18127 | Lair:6   | Got a dazzling plate armour
 18142 | Lair:6   | Identified the +0 plate armour "Gaareit" {Str+4} (You found it on level 6 of the Lair of Beasts)
 18155 | Lair:5   | Killed an entropy weaver
 18449 | Lair:6   | Noticed Rupert
 18457 | Lair:5   | Found a staircase to the Slime Pits.
 18457 | Lair:5   | Found a viscous altar of Jiyva.
 19326 | Lair:6   | Killed Rupert
 19326 | Lair:6   | Reached XP level 15. HP: 67/134 MP: 9/15
 19466 | Lair:6   | Found a snail-covered altar of Cheibriados.
 19917 | Lair:6   | Identified Sif Muna's Volume of Poisoning and Clay
 20383 | Slime:1  | Entered Level 1 of the Pits of Slime
 20396 | Slime:1  | Noticed an acid blob
 20397 | Slime:1  | Noticed an acid blob
 20399 | Slime:1  | Noticed an acid blob
 20399 | Slime:1  | Gained mutation: You are weak. (Str -2) [a shining eye]
 20669 | D:12     | Noticed Lazav66's ghost (novice MiBe)
 20730 | D:11     | Found a blossoming altar of Fedhas.
 21036 | D:12     | Reached skill level 20 in Shields
 21105 | D:12     | Killed Lazav66's ghost
 21173 | D:12     | Found Uceag's Gadget Boutique.
 21240 | D:13     | Found a gate to the Vaults.
 21240 | D:13     | Noticed Nessos
 21765 | D:13     | Killed Nessos
 22066 | D:13     | Got a twitching marble ring
 22280 | D:13     | Identified the ring "Lezi" {rElec rC+ Str+6 Dex+4} (You took it off a centaur warrior on level 13 of the Dungeon)
 22777 | D:15     | Entered Level 15 of the Dungeon
 22852 | D:14     | Reached XP level 16. HP: 145/145 MP: 16/16
 23704 | D:15     | Noticed Louise
 23713 | D:15     | Killed Louise
 23713 | D:15     | Reached skill level 21 in Shields
 23818 | D:15     | Found a shadowy altar of Dithmenos.
 23951 | D:15     | Found a staircase to the Depths.
 23956 | Depths:1 | Entered Level 1 of the Depths
 23964 | Depths:1 | Noticed Lovchig's ghost (journeyman DDFi)
 24324 | Depths:1 | Killed Lovchig's ghost
 24400 | Depths:1 | Found a gateway to Hell.
 24439 | Depths:1 | Found a one-way gate to the infinite horrors of the Abyss.
 24445 | Depths:1 | Found Joathemurgh's Assorted Antiques.
 24472 | Depths:1 | Bought a scroll of enchant armour for 285 gold pieces
 24472 | Depths:1 | Bought a potion of heal wounds for 190 gold pieces
 24472 | Depths:1 | Bought a scroll of identify for 76 gold pieces
 24675 | Depths:1 | Found Vuemedeh's Antique Armour Shop.
 24932 | Depths:1 | Reached skill level 15 in Fighting
 25349 | Elf:1    | Reached skill level 22 in Shields
 25352 | Elf:1    | Reached XP level 17. HP: 153/156 MP: 17/17
 25608 | Elf:1    | Found Hovvoph's Assorted Antiques.
 25613 | Elf:1    | Bought a potion of curing for 123 gold pieces
 25613 | Elf:1    | Bought a scroll of teleportation for 123 gold pieces
 25834 | Elf:1    | Found a radiant altar of Vehumet.
 26455 | Elf:3    | Entered Level 3 of the Elven Halls
 26491 | Elf:2    | Found Loar Deu's Distillery.
 26602 | Elf:2    | Found a runed gate.
 26602 | Elf:2    | Found a runed gate.
 26603 | Elf:2    | Found a runed gate.
 26863 | Elf:2    | Got a crude battleaxe
 26864 | Elf:2    | Identified the +2 battleaxe of Latenis {antimagic, Int+5} (You found it on level 2 of the Elven Halls)
 26987 | Elf:2    | Found a gateway to a bazaar.
 26999 | Bazaar   | Entered a bazaar
 26999 | Bazaar   | Found Suacrah's Distillery.
 27066 | Bazaar   | Found Qiotz's Jewellery Boutique.
 27077 | Bazaar   | Found Ycacril's Gadget Shop.
 27092 | Bazaar   | Found Fugikkou's Weapon Shoppe.
 27178 | Elf:2    | Noticed a deep elf blademaster
 27189 | Elf:2    | Killed a deep elf blademaster
 27634 | Elf:3    | Reached skill level 23 in Shields
 27959 | Elf:3    | Noticed a deep elf blademaster
 27970 | Elf:3    | Noticed a deep elf blademaster
 27970 | Elf:3    | Killed a deep elf blademaster
 27973 | Elf:3    | Noticed a deep elf blademaster
 27980 | Elf:3    | HP: 6/158 [deep elf blademaster/rapier (10)]
 27980 | Elf:3    | Mangled by an earth elemental

Skill      XL: |  1  2  3  4  5  6  7  8  9 10 11 12 13 14 15 16 17 |
---------------+----------------------------------------------------+-----
Axes           | 3 4 5 6 |  6.4
Shields        | 4 5 6 7 9 11 14 16 17 19 20 22 23 | 23.1
Armour         | 4 5 6 7 8 9 10 12 13 14 | 14.1
Dodging        | 1 |  1.0
Fighting       | 4 5 6 7 8 9 11 12 13 15 16 | 16.1
Slings         | 1 |  1.3
Polearms       | 1 5 7 9 11 12 13 14 15 16 17 18 | 18.6
Throwing       | 1 2 3 |  3.2
Invocations    | 1 2 |  2.6
Evocations     | 1 |  1.0
Unarmed Combat | |  0.2

Action                   |  1- 3 |  4- 6 |  7- 9 | 10-12 | 13-15 | 16-18 || total
-------------------------+-------+-------+-------+-------+-------+-------++-------
Melee: War axe           |    76 |    96 |       |     1 |       |       ||   173
       Headbutt          |    15 |    19 |    61 |   173 |   363 |   269 ||   900
       Trident           |       |    46 |   314 |   912 |   350 |       ||  1622
       Unarmed           |       |       |       |     7 |       |       ||     7
       Demon trident     |       |       |       |       |  1282 |   928 ||  2210
 Fire: Hunting sling     |       |     3 |       |       |       |       ||     3
Throw: Stone             |       |     1 |    17 |    10 |    38 |    15 ||    81
Invok: Upheaval          |       |       |       |     6 |     5 |     2 ||    13
Evoke: Wand              |       |       |       |     3 |     1 |     1 ||     5
       Lightning rod     |       |       |       |       |     3 |       ||     3
  Use: Scroll            |     3 |     3 |     7 |     4 |    15 |     8 ||    40
       Potion            |       |       |       |     2 |     1 |     3 ||     6
  Eat: Chunk             |     3 |     5 |     6 |    15 |    16 |     8 ||    53
       Bread ration      |       |       |     1 |     1 |     4 |     2 ||     8
       Meat ration       |       |       |       |       |     1 |       ||     1
Armor: Scale mail        |    29 |    44 |    59 |    10 |       |       ||   142
       Plate armour      |       |       |       |   129 |   249 |    85 ||   463
       Skin              |       |       |       |     3 |       |       ||     3
Dodge: Dodged            |    21 |    54 |    80 |   166 |   104 |    42 ||   467
       Deflected         |       |       |       |     4 |    12 |    13 ||    29
Block: Shield            |    33 |    58 |   143 |   636 |    67 |       ||   937
       Other             |       |       |       |     9 |       |       ||     9
       Large shield      |       |       |       |       |  1211 |   728 ||  1939
